Map: Echo of the past

Players

Tesla (Rob)

  • Race: Protoss Protoss

verokken - Winner!

  • Race: Zerg Zerg
  • League: Diamond

VOD

http://twitch.tv/gosu_pvp

Description

PJSugar PJSugar PJSugar PJSugar PJSugar

Time

  • Played on: July 27, 2016, 10:19 p.m.
  • Length: 9:50
Show
View Real Time Build Order
Export as new Build Order

Tesla Protoss 

Build Orders:  

Get SALT Encoding   

  12  0:01  Probe (Chrono Boost)  
  13  0:11  Probe (Chrono Boost)  
  14  0:20  Pylon  
  14  0:22  Probe (Chrono Boost)  
  15  0:38  Probe (Chrono Boost)  
  16  0:44  Gateway  
  16  0:47  Assimilator  
  16  0:49  Probe (Chrono Boost)  
  17  1:00  Probe (Chrono Boost)  
  18  1:07  Pylon  
  18  1:10  Probe (Chrono Boost)  
  19  1:21  Probe (Chrono Boost)  
  20  1:31  Probe (Chrono Boost)  
  21  1:42  Probe (Chrono Boost)  
  22  1:47  Zealot  
  22  1:48  Cybernetics Core  
  22  1:50  Pylon  
  22  1:53  Assimilator, Probe (Chrono Boost)  
  25  2:03  Probe (Chrono Boost)  
  26  2:08  Gateway  
  26  2:13  Gateway  
  26  2:14  Probe (Chrono Boost)  
  27  2:22  Gateway  
  27  2:34  Robotics Facility  
  27  2:40  Pylon  
  27  2:42  Probe (Chrono Boost)  
  28  2:46  Warp Gate  
  28  2:50  Pylon  
  30  3:00  Mothership Core (Chrono Boost)  
  30  3:03  Adept  
  32  3:09  Adept  
  34  3:14  Adept  
  36  3:21  Adept  
  38  3:31  Immortal  
  42  3:44  Adept  
  42  3:47  Adept  
  46  3:53  Adept  
  48  4:09  Stalker  
  50  4:10  Stalker  
  52  4:20  Adept  
  54  4:30  Pylon  
  54  4:48  Stalker  
  54  4:49  Stalker  
  54  4:50  Stalker  
  60  4:54  Immortal  
  54  5:20  Mothership Core (Chrono Boost)  
  54  5:22  Stalker  
  54  5:23  Stalker  
  54  5:26  Zealot  
  56  5:35  Stalker  
  56  5:49  Adept x2  
  58  5:50  Adept  
  52  6:03  Immortal  
  46  6:11  Adept  
  46  6:12  Zealot  
  40  6:30  Stalker x2  
  38  6:45  Adept x2  
  38  6:58  Immortal  
  38  6:59  Zealot  
  38  7:00  Zealot  
  36  7:18  Stalker  
  36  7:19  Stalker  
  40  7:34  Stalker  
  42  7:37  Adept  
  40  7:50  Probe (Chrono Boost)  
  39  8:02  Probe (Chrono Boost)  
  32  8:05  Stalker  
  32  8:08  Zealot  
  35  8:14  Probe (Chrono Boost)  
  35  8:20  Adept  
  38  8:27  Probe (Chrono Boost)  
  38  8:33  Adept  
  40  8:48  Stalker  
  40  8:50  Sentry  
  44  9:00  Probe (Chrono Boost)  
  45  9:09  Gateway  
  45  9:19  Stalker  
Show
View Real Time Build Order
Export as new Build Order

verokken Zerg - Winner!

Build Orders: 3 Hatch before Pool 

Get SALT Encoding   

  12  0:01  Drone  
  13  0:13  Overlord  
  13  0:17  Drone  
  14  0:32  Drone x2  
  16  0:39  Drone  
  17  1:05  Hatchery  
  17  1:06  Drone x2  
  18  1:12  Drone  
  19  1:24  Hatchery  
  18  1:30  Drone  
  19  1:43  Spawning Pool  
  19  1:44  Drone  
  19  1:45  Drone  
  20  1:56  Drone  
  21  2:02  Overlord  
  21  2:13  Drone  
  22  2:22  Drone  
  23  2:23  Drone  
  23  2:29  Drone  
  25  2:30  Queen  
  25  2:31  Queen  
  25  2:34  Overlord  
  29  2:37  Drone  
  29  2:40  Zergling x2  
  31  2:44  Zergling x2  
  31  2:47  Drone  
  31  2:50  Drone  
  34  2:56  Drone  
  34  2:57  Queen  
  37  2:58  Drone  
  37  3:00  Overlord  
  38  3:06  Drone  
  38  3:10  Drone  
  40  3:14  Extractor  
  40  3:15  Drone  
  40  3:18  Drone, Extractor  
  40  3:20  Extractor  
  40  3:21  Drone, Extractor  
  40  3:23  Drone  
  40  3:37  Drone x3  
  40  3:40  Drone  
  40  3:41  Drone x5  
  48  3:46  Drone x2  
  51  3:52  Overlord  
  51  3:57  Overlord  
  51  4:00  Drone  
  52  4:03  Zergling x2  
  52  4:04  Zergling x2  
  54  4:11  Zergling x10  
  54  4:12  Zergling x4  
  58  4:18  Queen  
  58  4:22  Spine Crawler  
  56  4:26  Metabolic Boost  
  54  4:41  Spore Crawler  
  51  4:49  Roach Warren  
  50  4:58  Drone  
  50  4:59  Drone x4  
  53  5:02  Overlord  
  53  5:03  Overlord  
  48  5:18  Zergling x2  
  48  5:19  Zergling x10  
  52  5:30  Roach x3  
  52  5:35  Queen  
  53  5:49  Zergling x4  
  49  5:50  Zergling x8  
  49  5:52  Queen  
  49  5:56  Zergling x2  
  51  6:00  Roach x3  
  50  6:16  Roach  
  45  6:26  Zergling x6  
  45  6:27  Zergling x4  
  46  6:41  Zergling x2  
  46  6:42  Zergling x4  
  49  6:47  Drone x2  
  49  6:48  Drone  
  52  6:58  Drone x2  
  52  6:59  Lair  
  48  7:20  Zergling x2, Roach x4  
  48  7:21  Zergling x4  
  56  7:40  Hatchery  
  56  7:41  Drone x2  
  53  7:51  Zergling x6  
  53  7:52  Zergling x2, Roach  
  53  7:54  Overlord x3  
  59  8:03  Hydralisk Den  
  57  8:08  Drone x3  
  59  8:14  Queen  
  59  8:17  Drone x3  
  59  8:19  Drone x2, Extractor  
  65  8:34  Hydralisk x3  
  71  8:47  Hydralisk x3  
  77  8:56  Hydralisk  
  77  8:59  Hydralisk  
  81  9:07  Drone  
  81  9:09  Drone x4  
  86  9:12  Hydralisk  
Tags
 
Add a new tag
Caveats
  • Supply blocks, unpowered buildings, or Contaminate may cause inaccurate times.
  • Supply counts are checked every 10 seconds.